 Dungeon Crawl Stone Soup version 0.21-a0-531-gacddea6 (webtiles) character file.

186 slep the Chopper (level 5, -4/45 HPs)
             Began as a Minotaur Gladiator on Dec 14, 2017.
             Slain by Sigmund
             ... wielding a +0 scythe
              (7 damage)
             ... on level 2 of the Dungeon.
             The game lasted 00:06:02 (1318 turns).

slep the Chopper (Minotaur Gladiator)               Turns: 1318, Time: 00:06:02

Health: -4/45      AC:  4    Str: 19    XL:     5   Next: 38%
Magic:  4/4        EV: 13    Int:  5    God:
Gold:   43         SH:  3    Dex: 12    Spells: 4/4 levels left

rFire    . . .     SeeInvis .   a - +0 war axe
rCold    . . .     Gourm    .   m - +0 buckler
rNeg     . . .     Faith    .   b - +0 leather armour
rPois    .         Spirit   .   c - +0 hat
rElec    .         Reflect  .   (no cloak)
rCorr    .         Harm     .   (no gloves)
MR       .....                  k - +0 pair of boots
Stlth    +.........             (no amulet)
HPRegen  0.15/turn              (no ring)
MPRegen  0.09/turn              (no ring)

@: no status effects
A: retaliatory headbutt, horns 2
a: no special abilities


You were on level 2 of the Dungeon.
You were hungry.

You visited 1 branch of the dungeon, and saw 2 of its levels.

You collected 43 gold pieces.

Inventory:

Hand Weapons
 a - a +0 war axe (weapon)
Missiles
 d - 4 throwing nets (quivered)
Armour
 b - a +0 leather armour (worn)
 c - a +0 hat (worn)
 k - a +0 pair of boots (worn)
 m - a +0 buckler (worn)
Scrolls
 e - a scroll of immolation {unknown}
 g - 2 scrolls of identify {unknown}
 j - a scroll of teleportation {unknown}
 o - a scroll of blinking {unknown}
Potions
 i - a potion of mutation {unknown}
 l - a potion of invisibility {unknown}
 q - a potion of magic {unknown}
Comestibles
 f - 2 bread rations
 h - a meat ration
 n - a royal jelly


   Skills:
 + Level 3.2 Fighting
 + Level 5.4 Axes
 + Level 2.1 Throwing
 + Level 2.3 Armour
 + Level 4.2 Dodging
 + Level 0.2 Stealth
 + Level 1.2 Shields


You had 4 spell levels left.
You didn't know any spells.

Dungeon Overview and Level Annotations

Branches:
Dungeon (2/15)

Altars:

Annotations:
D:2 Sigmund


Innate Abilities, Weirdness & Mutations

You reflexively headbutt those who attack you in melee.
You have a pair of horns on your head.


Message History

The quokka closely misses you. The kobold misses you.
The quokka barely misses you.
You slash the quokka!
You kill the quokka!
The kobold hits you but does no damage.
You are feeling hungry.
Something hits you! The kobold hits you with a trident.
You closely miss the kobold. You headbutt the kobold.
You kill the kobold!
Something barely misses you. Something hits you.
Things that are here:
a trident; a scroll labeled TIR HOPLOGOUNOWU You closely miss something.
You barely miss something. Something hits you!
* * * LOW HITPOINT WARNING * * *
You closely miss something. Something hits you!
* * * LOW HITPOINT WARNING * * *
You completely miss something. Something hits you!
You die...

#.........##.#....'.#....
#.........##.#....#.#####
#........###.######.#
########## #.# #.#
##'######.#####
#.......#......
##########
#.......#######
#........######.......#
#..
#......(.'.{@.....#####
#.# #........######...#
#.# #........# #...# #.#
#........#
#############.#
........... .........#
.####....... ###.......
#........ #.........
#........# #.#.###### # #
#.....


There were no monsters in sight!

Vanquished Creatures
  A centaur (D:2)
  A worker ant (D:2)
  2 adders (D:2)
  2 worms (D:2)
  3 dart slugs
  A leopard gecko (D:1)
  6 bats
  A giant cockroach (D:2)
  6 goblins
  3 hobgoblins
  10 jackals (D:2)
  2 quokkas (D:2)
  9 kobolds
  3 rats
50 creatures vanquished.

Notes
Turn   | Place    | Note
-------+----------+-------------------------------------------
     0 | D:1      | slep the Minotaur Gladiator began the quest for the Orb.
     0 | D:1      | Reached XP level 1. HP: 18/18 MP: 0/0
   154 | D:1      | Reached skill level 4 in Axes
   154 | D:1      | Reached XP level 2. HP: 13/25 MP: 1/1
   633 | D:2      | Reached skill level 1 in Armour
   633 | D:2      | Reached XP level 3. HP: 18/30 MP: 2/2
   858 | D:2      | Noticed a centaur
   862 | D:2      | Reached XP level 4. HP: 31/37 MP: 3/3
   867 | D:2      | Killed a centaur
   867 | D:2      | Reached skill level 5 in Axes
   867 | D:2      | Reached skill level 1 in Shields
   867 | D:2      | Reached XP level 5. HP: 25/45 MP: 4/4
   882 | D:2      | HP: 1/45 [worker ant (2)]
   887 | D:2      | HP: 1/45 [poisoned by a worker ant]
  1297 | D:2      | Noticed Sigmund
  1318 | D:2      | Slain by Sigmund

Vault maps used:
D:1:      kilobyte_arrival_exit_the_forest, lemuel_another_geyser
D:2:      first_bread, kennysheep_potato, uniq_sigmund

Skill      XL: |  1  2  3  4 |
---------------+-------------+-----
Axes           | 4 5 |  5.4
Armour         | 1 2 |  2.3
Fighting       | 3 |  3.2
Dodging        | 4 |  4.2
Shields        | 1 |  1.2
Throwing       | |  2.1
Stealth        | |  0.2

Action                   |  1- 3 |  4- 6 || total
-------------------------+-------+-------++-------
Melee: War axe           |    83 |    39 ||   122
       Headbutt          |     6 |     8 ||    14
  Use: Potion            |       |     2 ||     2
  Eat: Chunk             |       |     1 ||     1
Armor: Leather armour    |    16 |    10 ||    26
Dodge: Dodged            |    58 |    28 ||    86
Block: Buckler           |     8 |     8 ||    16

Table legend:
 A = Spawn XP
 B = Non-spawn XP
 C = Spawn XP percentage of total XP
 D = Spawn monster count
 E = Non-spawn monster count
 F = Spawn count percentage of total count
 G = Total turns spent on level
                    A         B        C        D         E        F      G
               +---------+---------+-------+---------+---------+-------+---------
         Total |       0 |     267 |   0.0 |       0 |      50 |   0.0 |  1318
               +---------+---------+-------+---------+---------+-------+---------
           D:1 |       0 |      30 |   0.0 |       0 |      16 |   0.0 |   599
           D:2 |       0 |     237 |   0.0 |       0 |      34 |   0.0 |   719
               +---------+---------+-------+---------+---------+-------+---------
